AoeStats
← PietroSecchielloDiSabbia

Arena

504287646Analyzed
4v4 RM · 27d ago on Sep 4, 2026· 50m 4s· 8 players
Game mode
Random Map
Map size
Large (8 player)
Population
200
Speed
Normal
Resources
Standard
Victory
Conquest
Starting age
Dark Age
Ending age
Imperial Age
RankedLock teamsTeams togetherTeam positionsShared explorationLock speedFull tech treeHidden civsTurbo modeCheats
Victory
Defeat
🇮🇹 Burmese · Italy
1722
+12
🇮🇹 Saracens · Italy
1716
+13
1552
+20
🇮🇹 Mapuche · Italy
1547
+20
🇬🇧 Franks · United Kingdom
1792
-22
🇬🇧 Celts · United Kingdom
1737
-21
🇵🇱 Hindustanis · Poland
1601
-14
🇬🇧 Vikings · United Kingdom
1430
-8
MrDJM
11:06 Feudal Age
12:43 Double-Bit Axe
12:38 Horse Collar
15:19 Castle Age
16:21 Bow Saw
16:11 Heavy Plow
18:28 Wheelbarrow
21:48 Town Watch
26:50 Imperial Age
24:24 Fletching
24:55 Gold Mining
25:16 Loom
25:46 Hand Cart
26:02 Ballistics
26:12 Bodkin Arrow
26:02 Crossbowman
27:03 Padded Archer Armor
27:51 Bracer
29:55 Chemistry
29:59 Thumb Ring
31:18 Arbalester
32:14 Leather Archer Armor
33:00 Conscription
34:01 Ring Archer Armor
34:43 Gold Shaft Mining
33:58 Stone Mining
35:25 Counterweights
36:36 Siege Engineers
37:04 Caravan
39:47 Masonry
39:17 Treadmill Crane
40:18 Elite Mameluke
42:51 Coinage
46:23 Gold Shaft Mining
46:41 Scale Barding Armor
46:47 Forging
47:50 Banking
47:42 Arrowslits
Null
10:55 Feudal Age
14:26 Castle Age
12:09 Horse Collar
16:58 Loom
18:37 Wheelbarrow
21:34 Scale Barding Armor
21:52 Gold Mining
22:16 Husbandry
22:14 Stone Mining
24:06 Heavy Plow
25:01 Hand Cart
26:24 Loom
28:40 Chain Barding Armor
28:46 Bloodlines
34:36 Imperial Age
32:53 Forging
35:41 Conscription
35:57 Plate Barding Armor
35:24 Howdah
35:35 Elite Battle Elephant
37:31 Iron Casting
38:05 Chemistry
38:29 Coinage
38:20 Ballistics
40:32 Banking
40:28 Light Cavalry
42:25 Blast Furnace
41:25 Scale Mail Armor
41:16 Fletching
44:01 Hussar
45:21 Bodkin Arrow
47:53 Manipur Cavalry
48:42 Caravan
48:29 Man-at-Arms
49:09 Squires
49:10 Scale Mail Armor
49:40 Long Swordsman
PietroSecchielloDiSabbia
11:44 Feudal Age
15:15 Castle Age
13:06 Double-Bit Axe
13:13 Horse Collar
16:34 Bow Saw
16:26 Heavy Plow
19:01 Wheelbarrow
20:14 Wheelbarrow
22:03 Gold Mining
22:08 Stone Mining
27:18 Imperial Age
25:07 Fletching
25:24 Padded Archer Armor
25:57 Ballistics
26:43 Bodkin Arrow
27:03 Leather Archer Armor
26:56 Scale Barding Armor
26:26 Elite Skirmisher
28:28 Bloodlines
28:18 Husbandry
29:52 Bracer
30:23 Ring Archer Armor
31:08 Heavy Cavalry Archer
32:10 Chain Barding Armor
32:01 Forging
31:51 Scale Mail Armor
33:40 Chemistry
34:40 Hand Cart
34:10 Town Watch
34:10 Loom
34:57 Bombard Tower
34:49 Masonry
35:16 Iron Casting
35:16 Plate Barding Armor
35:46 Fortified Wall
37:02 Conscription
36:49 Silk Armor
38:20 Gold Shaft Mining
41:20 Blast Furnace
40:56 Plate Barding Armor
40:01 Light Cavalry
41:09 Treadmill Crane
41:34 Siege Engineers
40:59 Hussar
46:55 Town Patrol
48:18 Crop Rotation
Monesi28
10:29 Feudal Age
14:10 Castle Age
12:32 Double-Bit Axe
12:48 Horse Collar
15:46 Loom
23:45 Town Watch
25:54 Wheelbarrow
26:56 Bow Saw
26:46 Heavy Plow
28:16 Gold Mining
31:41 Imperial Age
29:41 Scale Mail Armor
29:52 Forging
30:14 Pikeman
32:16 Masonry
32:44 Chain Mail Armor
32:36 Fletching
32:56 Forging
42:56 Plate Mail Armor
43:27 Padded Archer Armor
44:49 Leather Archer Armor
45:35 Hand Cart
45:52 Elite Skirmisher
47:15 Caravan
49:35 Hand Cart
49:51 Leather Archer Armor
Alfred
10:46 Feudal Age
14:32 Castle Age
13:18 Double-Bit Axe
13:44 Loom
15:22 Forging
14:41 Light Cavalry
17:51 Wheelbarrow
21:14 Bow Saw
21:44 Town Watch
22:22 Hand Cart
24:06 Gold Mining
24:08 Stone Mining
25:40 Gold Shaft Mining
28:58 Imperial Age
26:35 Scale Mail Armor
27:33 Chain Mail Armor
28:31 #83
29:06 Forging
29:11 Squires
28:56 Arson
30:01 Conscription
30:36 Plate Mail Armor
30:42 Iron Casting
32:03 Chemistry
31:45 Fletching
32:06 Elite Throwing Axeman
34:23 Ballistics
36:33 Masonry
36:31 Siege Engineers
36:37 Masonry
37:54 Blast Furnace
38:44 Coinage
39:40 Bodkin Arrow
50:28 Architecture
Crouch
10:57 Feudal Age
14:25 Castle Age
12:17 Double-Bit Axe
12:38 Horse Collar
15:33 Wheelbarrow
18:06 Bow Saw
20:25 Wheelbarrow
21:26 Heavy Plow
21:24 Gold Mining
22:57 Hand Cart
24:06 Gold Shaft Mining
24:10 Loom
24:10 Town Watch
27:58 Imperial Age
26:19 Ballistics
26:06 Pikeman
26:50 Scale Mail Armor
28:11 Chain Mail Armor
28:08 Forging
28:39 Arson
28:23 Capped Ram
28:29 Capped Ram
29:41 Plate Mail Armor
29:48 Iron Casting
28:34 Halberdier
29:32 Siege Ram
31:24 Chemistry
31:51 Siege Engineers
32:49 Blast Furnace
31:57 Heavy Scorpion
35:10 Furor Celtica
37:15 Coinage
36:33 Onager
38:45 Banking
39:50 Siege Onager
ForeveR
10:25 Feudal Age
14:50 Castle Age
13:16 Double-Bit Axe
13:13 Horse Collar
15:47 Heavy Plow
20:41 Bow Saw
20:37 Loom
21:39 Town Watch
22:30 Wheelbarrow
24:56 Gold Mining
24:56 Stone Mining
26:23 Hand Cart
28:38 Imperial Age
26:36 Scale Barding Armor
27:01 Forging
27:51 Chain Barding Armor
28:12 Grand Trunk Road
28:25 Fletching
30:50 Heavy Camel Rider
32:19 Bloodlines
33:10 Plate Barding Armor
34:09 Caravan
34:57 Iron Casting
34:04 Imperial Camel Rider
34:47 Husbandry
35:12 Scale Mail Armor
35:35 Squires
35:20 Arson
35:07 Imperial Camel Rider
35:44 Bodkin Arrow
36:50 Blast Furnace
36:32 Conscription
38:16 Chain Mail Armor
46:14 Town Watch
48:30 Elite Ghulam
Festering Goblin_1
10:14 Feudal Age
15:00 Castle Age
13:03 Double-Bit Axe
13:11 Horse Collar
15:58 Bow Saw
20:03 Gold Mining
20:15 Heavy Plow
20:14 Stone Mining
20:40 Loom
26:47 Imperial Age
25:24 Gold Shaft Mining
25:21 Fletching
25:32 Padded Archer Armor
25:57 Ballistics
25:20 Treadmill Crane
26:02 Bodkin Arrow
25:30 Crossbowman
27:11 Capped Ram
27:15 Arbalester
29:04 Two-Man Saw
28:38 Crop Rotation
29:46 Chemistry
28:51 Bracer
29:13 Leather Archer Armor
29:58 Siege Ram
39:16 Conscription
40:07 Bogsveigar
42:58 Elite Skirmisher
Connection lost

Rejoining the realm…

Still unreachable

The connection could not be restored.

Session expired

The server has moved on; the page needs a fresh start.